 Dungeon Crawl Stone Soup version 0.20.1-1-g8b1a95d (webtiles) character file.

218 sass1233 the Shield-Bearer (level 6, -6/47 HPs)
             Began as a Human Fighter on Sept 10, 2017.
             Mangled by a gnoll
             ... wielding a +0 club
              (8 damage)
             ... on level 3 of the Dungeon.
             The game lasted 00:26:15 (3328 turns).

sass1233 the Shield-Bearer (Human Fighter)          Turns: 3328, Time: 00:26:15

Health: -6/47      AC:  3    Str: 18    XL:     6   Next: 17%
Magic:  6/6        EV:  7    Int:  8    God:
Gold:   113        SH: 16    Dex: 13    Spells: 5/5 levels left

rFire    . . .     SeeInvis .   a - +0 long sword
rCold    . . .     Gourm    .   p - +2 large shield
rNeg     . . .     Faith    .   k - +0 leather armour (curse)
rPois    .         Spirit   .   (no helmet)
rElec    .         Reflect  .   (no cloak)
rCorr    +         Harm     .   (no gloves)
MR       .....                  (no boots)
Stlth    +.........             (no amulet)
Regen    0.2/turn               s - ring of resist corrosion
MPRegen  0.1/turn               (no ring)

@: flying
A: no striking features
a: no special abilities


You were on level 3 of the Dungeon.
You were not hungry.

You visited 1 branch of the dungeon, and saw 3 of its levels.

You collected 113 gold pieces.

Inventory:

Hand Weapons
 a - a +0 long sword (weapon)
 e - a +0 club
 f - a +0 spear
 h - a +0 club
 i - a +0 dagger
 j - a +0 spear
 l - a +0 short sword
 q - a +0 short sword
 u - a +0 whip
 v - a +0 whip
 y - a cursed -3 hand axe
 C - a +0 halberd
 D - a +0 flail
Armour
 b - a +0 scale mail
 c - a +0 shield
 g - a +0 scale mail
 k - a cursed +0 leather armour (worn)
 p - a +2 large shield (worn)
 w - a +1 chain mail of magic resistance
 z - a +0 leather armour
 A - a +0 leather armour
Jewellery
 s - a ring of resist corrosion (left hand)
Scrolls
 m - 3 scrolls of identify
Potions
 d - a potion of might
Books
 r - a book of Minor Magic

   Spells                             Type                      Level
   a - Magic Dart                     Conjuration                  1
   b - Blink                          Translocation                2
   c - Call Imp                       Summoning                    2
   d - Slow                           Hexes                        2
   e - Conjure Flame                  Conjuration/Fire             3
   f - Mephitic Cloud                 Conjuration/Poison/Air       3
Comestibles
 o - 2 meat rations
 B - 2 fruits


   Skills:
 + Level 3.5 Fighting
 + Level 3.9 Long Blades
 + Level 3.3 Armour
 + Level 1.2 Dodging
 + Level 4.5 Shields


You had 5 spell levels left.
You didn't know any spells.

Dungeon Overview and Level Annotations

Branches:
Dungeon (3/15)

Altars:
Cheibriados
Sif Muna


Message History

You block the gnoll shaman's attack.
Wield which item (- for none, * to show all)? (? for menu, Esc to quit)
Okay, then.
It was a potion of curing.
You feel better.
The gnoll shaman hits you but does no damage.
You slash the gnoll shaman!
The gnoll shaman is heavily wounded.
The gnoll shaman hits you with a club!
* * * LOW HITPOINT WARNING * * *
You block the gnoll's attack. The gnoll shaman hits you with a club.
* * * LOW HITPOINT WARNING * * *
The gnoll hits you with a club.
* * * LOW HITPOINT WARNING * * *
It was a potion of flight.
You feel very buoyant.
You fly up into the air.
The gnoll shaman calls upon its god to heal the gnoll.
The gnoll's wounds heal themselves!
The gnoll hits you with a club!
You die...

...g...)h....§§§§.P.....#.#
........gg...§hg.....(....#
##############)#######.####
#§## ####.#########
########### #§g#
#............. ..........#
##§# #.##.##########
..........#
#g###.#............
..........#
#g.##.#..##########
..........# ##@##.#..#
..........# #.##.#..##
..........# #..#.#...#
..........#######.#÷##..#
..............>.†.#.##†(#
..........######..#.##..#
...............#....##..#
..........####.#.#..##..#
..........# #.#.#..#...#


You could see 2 gnolls.

Vanquished Creatures
  A gnoll shaman (D:3)
  A worker ant (D:3)
  5 gnolls
  2 adders (D:3)
  An ooze (D:2)
  A worm (D:3)
  4 dart slugs
  A leopard gecko (D:3)
  2 ball pythons
  4 giant cockroaches
  7 goblins
  5 hobgoblins (D:1)
  22 jackals
  6 kobolds
  A quokka (D:2)
  5 bats
  6 frilled lizards
  6 rats
  A plant (D:1)
81 creatures vanquished.

Notes
Turn   | Place    | Note
-------+----------+-------------------------------------------
     0 | D:1      | sass1233 the Human Fighter began the quest for the Orb.
     0 | D:1      | Reached XP level 1. HP: 18/18 MP: 1/1
   209 | D:1      | Reached XP level 2. HP: 19/24 MP: 2/2
   829 | D:1      | Reached XP level 3. HP: 28/29 MP: 3/3
  1567 | D:2      | Reached XP level 4. HP: 30/35 MP: 4/4
  1581 | D:2      | Found a snail-covered altar of Cheibriados.
  2633 | D:3      | Reached XP level 5. HP: 38/41 MP: 5/5
  2673 | D:3      | Reached skill level 4 in Shields
  2697 | D:3      | Reached skill level 1 in Dodging
  3057 | D:3      | Found a deep blue altar of Sif Muna.
  3165 | D:3      | Reached XP level 6. HP: 47/47 MP: 6/6
  3249 | D:3      | Noticed an ogre
  3325 | D:3      | HP: 2/47 [gnoll/club (6)]
  3328 | D:3      | Mangled by a gnoll

Skill      XL: |  1  2  3  4  5 |
---------------+----------------+-----
Long Blades    | 3 |  3.9
Shields        | 4 |  4.5
Dodging        | 1 |  1.2
Fighting       | |  3.5
Armour         | |  3.3

Action                   |  1- 3 |  4- 6 || total
-------------------------+-------+-------++-------
Melee: Long sword        |   125 |   219 ||   344
       Whip              |       |    16 ||    16
  Use: Scroll            |     5 |     6 ||    11
       Potion            |       |     2 ||     2
  Eat: Bread ration      |     1 |     1 ||     2
       Chunk             |       |     2 ||     2
Armor: Scale mail        |    33 |    15 ||    48
       Chain mail        |       |    12 ||    12
       Leather armour    |       |    26 ||    26
Dodge: Dodged            |    14 |    34 ||    48
Block: Shield            |    17 |       ||    17
       Large shield      |    61 |   226 ||   287
       Rpst.: Long sword |     6 |     8 ||    14
